 Dungeon Crawl Stone Soup version 0.29.0-11-gd7f09526c8 (webtiles) character file.

Game seed: 699493878748324309

234 LustLizard the Magician (level 6, 0/40 HPs)
             Began as a Djinni Ice Elementalist on Sept 3, 2022.
             Slain by an ice beast (16 damage)
             ... on level 5 of the Dungeon.
             The game lasted 00:10:39 (5555 turns).

LustLizard the Magician (Djinni Ice Elementalist)   Turns: 5555, Time: 00:10:40

Health: 0/40       AC: 10    Str:  7    XL:     6   Next: 26%
Gold:   227        EV: 12    Int: 18    God:
                   SH:  0    Dex: 14

rFire   + + .      SeeInvis .   h - +0 dagger
rCold   x . .      Faith    .   (no shield)
rNeg    . . .      Spirit   .   a - +0 robe
rPois   ∞          Reflect  .   (no helmet)
rElec   .          Harm     .   t - +0 cloak
rCorr   .          Rampage  .   f - +0 pair of gloves
Will    .....                   (boots unavailable)
Stlth   ++........              i - amulet of the acrobat
HPRegen 0.13/turn               (no ring)
MPRegen 0.00/turn               (no ring)

@: ice-armoured, flying
A: sickness immunity, fire resistance 2, cold vulnerability 1, float, innate
caster, HP casting, extra vitality 1
a: no special abilities


You were on level 5 of the Dungeon.
You visited 1 branch of the dungeon, and saw 5 of its levels.
You also visited: Sewer.

You collected 227 gold pieces.

Inventory:

Hand Weapons
 h - a +0 dagger (weapon)
Missiles
 e - a poisoned dart (quivered)
 l - a throwing net
 m - 21 stones
Armour
 a - a +0 robe (worn)
 f - a +0 pair of gloves (worn)
 t - a +0 cloak (worn)
Jewellery
 i - an amulet of the acrobat (around neck)
 u - a +6 ring of dexterity
Scrolls
 b - a scroll of enchant weapon {unknown}
 g - 2 scrolls of teleportation
 j - 3 scrolls of blinking
 n - 3 scrolls of immolation {unknown}
 v - 2 scrolls of torment {unknown}
Potions
 c - 2 potions of might
 d - 2 potions of curing
 k - a potion of haste
 o - 2 potions of brilliance
 p - a potion of mutation
 q - a potion of heal wounds {unknown}
 r - a potion of lignification {unknown}
 s - a potion of flight {unknown}


   Skills:
 + Level 2.0 Throwing
 - Level 2.1 Dodging
 + Level 3.0 Stealth
 * Level 4.5 Spellcasting


You couldn't memorise any spells.
You knew the following spells:

 Your Spells              Type           Power      Damage    Failure   Level
a - Freeze                Ice            80%        1d9       2%          1
b - Frozen Ramparts       Ice            40%        1d7       6%          3
c - Ozocubu's Armour      Ice            20%        N/A       6%          3
d - Hailstorm             Conj/Ice       20%        3d6       22%         4
e - Shock                 Conj/Air       80%        1d8       2%          1
f - Blink                 Tloc           40%        N/A       3%          2
Your spell library was empty.

Dungeon Overview and Level Annotations

Branches:
Dungeon (5/15)              Sewer (visited)
 Temple: D:4-7

Altars:
Cheibriados
Gozag
Uskayaw
Xom

Shops:
D:1 [   D:2 (


Innate Abilities, Weirdness & Mutations

You are immune to sickness and miasma.
You are immune to poison.
Your flesh is very heat resistant. (rF++)
You are vulnerable to cold. (rC-)
You float through the air rather than walking.
You learn spells naturally, not from books.
Your magical power is your life essence.
You have superior vitality. (+4 MHP)


Message History

Okay, then.
Casting: Freeze (safe; 2% risk of failure)
Confirm with . or Enter, or press ? or * to list all spells.
Okay, then.
Sorry, you're not good enough to have a special ability.
Unknown command.
Casting: Freeze (safe; 2% risk of failure)
Confirm with . or Enter, or press ? or * to list all spells.
A film of ice covers your body!
The ice beast hits you but does no damage.
Casting: Ozocubu's Armour (dangerous; 6% risk of failure)
Confirm with . or Enter, or press ? or * to list all spells.
Okay, then.
Throw: 5 darts (poison)
Press: ? - help, Q - select action, (/) - cycle Shift-Dir - straight line, f/p - ice beast
Aim: an ice beast (lightly wounded, poisoned, 59% to hit)
You throw a poisoned dart. The poisoned dart hits the ice beast.
The ice beast is lightly wounded.
The ice beast hits you but does no damage.
Throw: 4 darts (poison)
Press: ? - help, Q - select action, (/) - cycle Shift-Dir - straight line, f/p - ice beast
Aim: an ice beast (lightly wounded, poisoned, 59% to hit)
You throw a poisoned dart. The poisoned dart hits the ice beast.
The ice beast is lightly wounded.
The ice beast hits you but does no damage.
Throw: 3 darts (poison)
Press: ? - help, Q - select action, (/) - cycle Shift-Dir - straight line, f/p - ice beast
Aim: an ice beast (lightly wounded, poisoned, 59% to hit)
You throw a poisoned dart.
The poisoned dart closely misses the ice beast.
Unknown command.
Throw: 2 darts (poison)
Press: ? - help, Q - select action, (/) - cycle Shift-Dir - straight line, f/p - ice beast
Aim: an ice beast (lightly wounded, poisoned, 59% to hit)
You throw a poisoned dart. The poisoned dart hits the ice beast.
The ice beast is lightly wounded.
The ice beast hits you. The ice beast freezes you!!
You feel a terrible chill!
Your icy armour will break if you move.
Continue?
The ice beast hits you. The ice beast freezes you!
You feel a terrible chill!
You die...

.................#
........(........#
...............#
####...(........#
#.........(.....#
#.###......(....#
#...........#
#........Y..#
####.#....@.#
###...#.##
########.#.#.#
..8...8..#.#.#
8.8.8.8.##.#.#
8.8.8.8.##.#.#
8...8...##.#.#
########...#.#
#####


You could see an ice beast (poisoned).

Vanquished Creatures
  2 hounds (D:4)
  A hell rat (Sewer)
  6 adders
  2 worms (D:2)
  2 dart slugs (D:3)
  4 orcs
  6 bats
  9 endoplasms
  6 giant cockroaches
  4 hobgoblins
  4 quokkas
  3 ball pythons (D:1)
  7 frilled lizards
  9 goblins
  8 kobolds
  15 rats
88 creatures vanquished.

Vanquished Creatures (others)
  A plant (D:2)
1 creature vanquished.

Grand Total: 89 creatures vanquished

Notes
Turn   | Place    | Note
-------+----------+-------------------------------------------
     0 | D:1      | LustLizard the Djinni Ice Elementalist began the quest for
                  | the Orb.
     0 | D:1      | LustLizard set off with the following spells memorised:
                  | Freeze, Frozen Ramparts, Ozocubu's Armour, Hailstorm.
     0 | D:1      | Reached XP level 1. HP: 15/15 MP: 0/0
   571 | D:1      | Reached XP level 2. HP: 20/21 MP: 0/0
   589 | D:1      | Found a faded altar of an unknown god.
  1142 | D:1      | Reached XP level 3. HP: 25/25 MP: 0/0
  1142 | D:1      | Learned a level 1 spell: Shock
  1299 | D:1      | Found Atippidoe's Armour Shop.
  1800 | D:2      | Found Imonie Nuca's Antique Weapon Emporium.
  1814 | D:2      | Reached skill level 1 in Throwing
  1957 | D:2      | Reached XP level 4. HP: 18/31 MP: 0/0
  3299 | D:3      | Found a glowing drain.
  3324 | D:3      | Reached skill level 4 in Spellcasting
  3328 | D:3      | Reached XP level 5. HP: 25/35 MP: 0/0
  3328 | D:3      | Learned a level 2 spell: Blink
  3330 | D:3      | Found a hide-covered altar of Uskayaw.
  3335 | Sewer    | Entered a sewer
  3873 | D:3      | Noticed a +0 hand axe
  3873 | D:3      | Noticed a +0 dagger
  4012 | D:3      | Noticed a phantom
  4692 | D:4      | Found an opulent altar of Gozag.
  4772 | D:4      | Found a snail-covered altar of Cheibriados.
  4827 | D:4      | Reached XP level 6. HP: 37/40 MP: 0/0
  4856 | D:4      | Found a shimmering altar of Xom.
  5435 | D:5      | Entered Level 5 of the Dungeon
  5536 | D:5      | Noticed an ice beast
  5555 | D:5      | Slain by an ice beast

Illustrated notes

Levels and vault maps discovered:
D:1:      dpeg_arrival_water_temple_mockup, layout_loops_ring,
          basic_ecumenical_altar, serial_shops, nicolae_shop_stone
D:2:      layout_basic, serial_shops, nicolae_shop_overgrown_old_shop
D:3:      minmay_evil_eye, layout_loops_ring, lemuel_tele_altar,
          dancing_weapons_uskayaw, gup_sewer_entry_glass
D:4:      layout_cave_pools, mainiacjoe_overflow_surrounded_room,
          mainiacjoe_overflow_paths,
          nicolae_gozag_cash_rules_everything_around_me
D:5:      layout_basic, nicolae_ru_sacrificial_ziggurat, temple_green,
          small_statue_alley_b, bh_walls_and_bars, uniq_sigmund, uniq_ijyb

Skill      XL: |  1  2  3  4  5  6 |
---------------+-------------------+-----
Stealth        | 2 3 |  3.0
Throwing       | 1 2 |  2.0
Spellcasting   | 4 |  4.5
Dodging        | |  2.1

Action                   |  1- 3 |  4- 6 || total
-------------------------+-------+-------++-------
Melee: Unarmed           |    10 |       ||    10
       Dagger            |    16 |   142 ||   158
       Punch             |       |     1 ||     1
Throw: Stone             |    23 |     1 ||    24
       Dart              |     3 |     9 ||    12
 Cast: Freeze            |    51 |    44 ||    95
       Frozen Ramparts   |     1 |     6 ||     7
       Ozocubu's Armour  |       |     3 ||     3
  Use: Scroll            |     2 |     5 ||     7
 Stab: Sleeping          |     5 |     4 ||     9
Armor: Robe              |    12 |    42 ||    54
Dodge: Dodged            |    28 |   120 ||   148
